Map: Dreamcatcher LE

Players

LiquidTLO (TLO)

  • Race: Zerg Zerg
  • Spawn Location: 11:00

uThermal - Winner!

  • Race: Terran Terran
  • Spawn Location: 5:00

Event: WCS Valencia 2018

VOD

Have the link to the VOD?

Description

Time

  • Played on: July 12, 2018, 10:38 a.m.
  • Length: 13:25

All games in this series

Show
View Real Time Build Order
Export as new Build Order

LiquidTLO Zerg 

Build Orders: Pool First, Muta Ling Bane 

Get SALT Encoding   

  12  0:00  Drone  
  13  0:08  Drone  
  14  0:17  Overlord  
  14  0:36  Drone x2  
  14  0:40  Spawning Pool  
  15  0:43  Drone  
  15  0:47  Drone  
  17  1:09  Hatchery  
  16  1:12  Drone  
  16  1:15  Drone  
  18  1:19  Drone  
  18  1:24  Extractor  
  18  1:29  Queen  
  20  1:37  Drone  
  21  1:54  Hatchery  
  20  1:58  Drone  
  21  2:06  Overlord  
  21  2:07  Drone  
  22  2:20  Queen  
  22  2:22  Zergling x2  
  25  2:27  Metabolic Boost  
  25  2:36  Zergling x4  
  27  2:37  Drone  
  27  2:44  Drone  
  29  2:46  Drone  
  29  2:48  Drone  
  31  2:54  Drone  
  31  2:55  Drone  
  33  3:00  Drone  
  34  3:06  Queen  
  34  3:10  Drone x2  
  38  3:14  Overlord  
  38  3:17  Drone  
  38  3:19  Drone  
  40  3:20  Drone  
  40  3:24  Drone  
  42  3:29  Overlord  
  42  3:32  Overlord  
  42  3:37  Drone x2  
  42  3:38  Drone  
  45  3:45  Overlord, Drone  
  46  3:49  Queen  
  46  3:50  Drone  
  46  3:52  Zergling x2  
  50  3:56  Zergling x2  
  50  3:57  Zergling x2, Drone  
  53  4:03  Drone  
  53  4:04  Zergling x2  
  53  4:05  Zergling x2  
  55  4:11  Drone x2  
  55  4:15  Overlord, Drone  
  55  4:16  Drone  
  59  4:18  Drone x2  
  59  4:20  Drone x3  
  65  4:24  Drone  
  65  4:26  Spore Crawler, Drone  
  65  4:32  Overlord, Evolution Chamber x2  
  65  4:35  Drone  
  64  4:40  Drone  
  64  4:42  Overlord  
  64  4:45  Drone x2  
  67  4:48  Zergling x2  
  67  4:51  Zergling x2  
  67  4:52  Zergling x2  
  69  4:53  Zergling x2  
  69  4:54  Zergling x2, Drone  
  69  4:55  Zergling x2  
  70  5:00  Drone  
  70  5:01  Drone x2  
  70  5:02  Drone  
  70  5:04  Drone  
  67  5:07  Zerg Ground Armor Level 1, Zerg Melee Weapons Level 1  
  67  5:13  Hatchery  
  66  5:16  Drone  
  66  5:19  Drone  
  68  5:22  Queen  
  68  5:23  Lair  
  68  5:28  Extractor, Drone x2  
  72  5:29  Drone  
  72  5:30  Drone  
  72  5:32  Drone  
  72  5:34  Drone x4  
  78  5:37  Extractor x2  
  78  5:38  Spore Crawler  
  78  5:41  Zergling x4  
  77  5:43  Zergling x2  
  77  5:45  Drone  
  79  5:50  Drone  
  79  5:51  Spine Crawler  
  79  5:52  Baneling Nest  
  79  5:54  Zergling x6  
  79  5:55  Drone  
  82  6:02  Extractor  
  82  6:03  Extractor, Drone x2  
  82  6:06  Drone  
  81  6:16  Drone x2  
  81  6:17  Drone  
  81  6:18  Drone  
  83  6:21  Drone  
  83  6:24  Drone  
  85  6:27  Drone x2  
  85  6:28  Spire  
  85  6:29  Drone  
  85  6:30  Drone  
  88  6:33  Drone  
  88  6:34  Spire, Drone  
  88  6:35  Drone  
  89  6:40  Drone x2  
  89  6:43  Baneling Nest, Zergling x4  
  89  6:44  Zergling x2  
  89  6:45  Zergling x2  
  96  6:48  Overlord  
  96  6:50  Overlord  
  96  6:53  Overlord  
  96  6:55  Overlord  
  96  6:56  Overlord  
  92  7:06  Centrifical Hooks  
  90  7:10  Baneling x4  
  90  7:12  Zergling x2  
  90  7:13  Zergling x2  
  88  7:15  Zergling x2  
  88  7:16  Zergling x2, Baneling x2  
  88  7:17  Baneling  
  88  7:18  Zergling x2  
  88  7:19  Zergling x2  
  88  7:22  Drone  
  93  7:23  Drone x2  
  93  7:24  Zerg Ground Armor Level 2  
  93  7:25  Hatchery  
  93  7:26  Hatchery, Drone  
  93  7:27  Zergling x2  
  95  7:30  Zergling x4  
  95  7:31  Zergling x2  
  95  7:32  Zergling x2  
  95  7:33  Zergling x2  
  95  7:34  Overlord  
  99  7:43  Overlord  
  99  7:48  Mutalisk, Zerg Flyer Weapons Level 1  
  99  7:49  Mutalisk  
  103  7:52  Mutalisk  
  103  7:55  Mutalisk  
  103  7:57  Hatchery  
  103  7:59  Mutalisk  
  103  8:03  Zergling x2  
  103  8:05  Baneling  
  104  8:07  Mutalisk  
  105  8:13  Mutalisk  
  107  8:20  Mutalisk  
  107  8:22  Zergling x6  
  107  8:23  Zergling x2  
  107  8:27  Zergling x6, Baneling  
  113  8:28  Zergling x2  
  113  8:30  Mutalisk  
  113  8:31  Zergling x6  
  113  8:34  Zergling x2  
  119  8:41  Mutalisk x2  
  117  8:50  Mutalisk  
  117  8:52  Zergling x2  
  117  8:53  Zergling x12  
  122  9:07  Mutalisk  
  122  9:09  Mutalisk  
  111  9:10  Hatchery  
  111  9:14  Zergling x8  
  111  9:16  Zergling x4  
  108  9:17  Zergling x2  
  108  9:22  Zerg Melee Weapons Level 2  
  108  9:24  Zergling x2  
  108  9:25  Zergling x2  
  108  9:30  Zergling x4  
  112  9:32  Zergling x2  
  112  9:33  Baneling  
  112  9:34  Baneling x7  
  112  9:35  Baneling  
  113  9:41  Mutalisk  
  113  9:43  Zergling x2  
  113  9:44  Zergling x6  
  112  9:45  Baneling  
  112  9:46  Baneling  
  107  9:54  Mutalisk  
  107  9:59  Zergling x2  
  96  10:00  Baneling x2  
  96  10:02  Zergling x22  
  96  10:03  Zergling x2  
  96  10:05  Baneling x4  
  108  10:08  Zergling x2  
  108  10:09  Zergling x2  
  108  10:13  Zergling x2  
  111  10:14  Zergling x4  
  111  10:18  Zergling x2  
  114  10:22  Zergling x2  
  114  10:23  Baneling  
  114  10:24  Baneling x10  
  114  10:26  Zergling x2  
  117  10:28  Zergling x2  
  117  10:30  Zergling x2  
  117  10:31  Zergling x2  
  119  10:39  Zergling x2  
  119  10:40  Zergling x4  
  122  10:46  Zergling x2  
  117  10:51  Zergling x4  
  117  10:52  Zergling x12  
  117  10:56  Pneumatized Carapace  
  122  11:01  Zergling x2  
  122  11:02  Zergling x2  
  122  11:03  Zergling x4  
  122  11:04  Zergling x2, Baneling x2  
  126  11:07  Zergling x4  
  126  11:08  Zergling x2  
  126  11:09  Zergling x2  
  126  11:10  Baneling  
  126  11:11  Zergling x2, Hatchery  
  131  11:14  Zergling x4  
  131  11:17  Zergling x2  
  135  11:19  Mutalisk  
  135  11:21  Mutalisk  
  135  11:23  Mutalisk  
  135  11:24  Mutalisk  
  129  11:26  Mutalisk  
  129  11:27  Mutalisk  
  129  11:30  Mutalisk  
  129  11:32  Mutalisk  
  110  11:34  Zergling x2  
  110  11:35  Zergling x2  
  110  11:37  Mutalisk  
  111  11:40  Mutalisk  
  111  11:44  Zergling x6  
  111  11:46  Zergling x2  
  111  11:47  Baneling  
  111  11:48  Baneling  
  111  11:51  Zergling x2  
  111  11:52  Zergling x2  
  113  11:54  Zergling x4  
  113  11:56  Zergling x2  
  113  11:57  Zergling x2  
  113  11:58  Zergling x2  
  118  12:03  Drone x2  
  118  12:08  Drone  
  121  12:20  Baneling  
  121  12:21  Zergling x2  
  122  12:25  Zergling x2, Hatchery  
  120  12:33  Zergling x2  
  120  12:34  Zergling x12  
  120  12:36  Baneling x3  
  122  12:38  Zergling x2  
  122  12:39  Zergling x2  
  122  12:42  Baneling x5  
  124  12:44  Mutalisk  
  124  12:47  Mutalisk  
  124  12:49  Mutalisk  
  130  12:57  Zergling x12  
  136  12:59  Overlord  
  136  13:02  Overlord  
  136  13:06  Infestation Pit  
Show
View Real Time Build Order
Export as new Build Order

uThermal Terran - Winner!

Build Orders: Hellion Opening, Reaper Expand, Bio Tank 

Get SALT Encoding   

  12  0:01  SCV  
  13  0:13  SCV  
  14  0:17  Supply Depot  
  14  0:25  SCV  
  15  0:38  SCV  
  15  0:39  Barracks  
  16  0:43  Refinery  
  16  0:50  SCV  
  17  1:03  SCV  
  18  1:15  SCV  
  19  1:27  Reaper, Orbital Command  
  20  1:39  Command Center  
  20  1:48  Supply Depot  
  20  1:52  SCV  
  21  1:58  Marine  
  22  2:04  SCV  
  22  2:07  Factory  
  23  2:13  Refinery  
  23  2:18  SCV  
  23  2:21  Barracks Reactor  
  24  2:30  SCV  
  25  2:44  SCV  
  25  2:51  Orbital Command  
  26  2:53  Starport  
  26  2:56  SCV  
  27  3:01  Hellion x2  
  27  3:04  Barracks Tech Lab  
  31  3:08  SCV  
  31  3:10  Supply Depot  
  32  3:16  SCV  
  33  3:20  SCV  
  33  3:23  Hellion x2  
  38  3:31  SCV  
  38  3:32  SCV  
  39  3:39  Raven  
  41  3:43  SCV  
  41  3:44  Hellion x2  
  41  3:45  SCV  
  47  3:50  Supply Depot  
  47  3:56  Barracks Tech Lab  
  47  3:57  SCV x2  
  49  4:05  Hellion  
  49  4:06  Hellion  
  49  4:09  SCV  
  54  4:11  SCV  
  54  4:16  Command Center  
  55  4:17  Marine  
  55  4:18  Stimpack  
  55  4:23  Supply Depot  
  56  4:25  SCV  
  56  4:28  Raven  
  59  4:32  SCV  
  59  4:35  Marine  
  59  4:38  Supply Depot  
  61  4:43  Factory Reactor  
  61  4:45  SCV, Barracks  
  62  4:46  Barracks  
  62  4:50  SCV  
  63  4:53  Marine  
  63  4:57  SCV  
  61  5:06  SCV, Refinery, Engineering Bay x2  
  58  5:07  Refinery  
  58  5:11  SCV, Marine  
  60  5:18  SCV  
  60  5:21  Starport Reactor  
  61  5:23  SCV  
  62  5:29  Marine, Barracks  
  62  5:30  Barracks  
  62  5:31  SCV, Orbital Command  
  62  5:34  Siege Tank  
  67  5:37  SCV, Marine  
  67  5:41  Marine  
  70  5:46  SCV, Marine x2  
  70  5:47  Marine  
  70  5:49  SCV  
  75  5:52  Supply Depot  
  75  5:57  Medivac x2  
  75  5:59  Orbital Command  
  75  6:00  Marine x2  
  75  6:03  SCV  
  82  6:06  Marine  
  82  6:08  Marine  
  82  6:11  Marine  
  84  6:12  Siege Tank  
  84  6:18  Marine  
  89  6:20  Barracks Reactor  
  89  6:22  Combat Shields  
  89  6:24  SCV  
  90  6:29  Marine  
  90  6:31  Medivac  
  90  6:32  Marine  
  94  6:33  SCV  
  94  6:39  Supply Depot  
  95  6:40  Terran Infantry Weapons Level 1  
  95  6:41  SCV  
  95  6:44  Refinery x2  
  95  6:45  Siege Tank  
  95  6:46  Terran Infantry Armor Level 1  
  99  6:47  SCV  
  99  6:48  SCV  
  99  6:49  Supply Depot  
  101  7:00  SCV x3, Marine x5  
  109  7:06  Supply Depot  
  109  7:10  Marine x3  
  109  7:12  Supply Depot, SCV  
  109  7:13  SCV  
  114  7:16  SCV  
  114  7:18  Marine x2  
  114  7:22  Armory  
  117  7:25  Factory  
  117  7:28  Supply Depot, SCV, Marine x4, Siege Tank  
  125  7:33  Marine x2  
  125  7:34  Supply Depot, Medivac  
  125  7:36  Marine  
  130  7:37  Marine  
  130  7:40  SCV, Missile Turret  
  132  7:45  Marine  
  132  7:49  Medivac  
  132  7:50  Marine  
  136  7:51  SCV  
  136  7:54  Marine x2  
  136  7:55  Supply Depot x2, Marine  
  136  7:56  Marine  
  141  8:00  Marine x2  
  141  8:04  Marine  
  142  8:06  Medivac  
  142  8:07  Marine  
  142  8:10  Factory Tech Lab  
  142  8:12  Marine x2  
  147  8:13  Supply Depot  
  147  8:17  Marine  
  148  8:24  Marine x2  
  148  8:25  Thor, Barracks Reactor  
  154  8:27  Medivac  
  154  8:30  Marine x3  
  154  8:31  Marine  
  160  8:35  Marine  
  160  8:36  Supply Depot  
  160  8:42  Marine x2  
  160  8:46  Medivac  
  160  8:48  Marine x4  
  154  8:51  Thor  
  154  8:54  Terran Infantry Armor Level 2  
  144  9:11  Terran Infantry Weapons Level 2, Marine  
  144  9:13  Marine  
  144  9:15  Marine  
  133  9:17  Siege Tank, Marine x2  
  133  9:18  Marine x2  
  138  9:32  Marine x3  
  138  9:33  Medivac  
  138  9:34  Medivac, Siege Tank  
  138  9:35  Command Center  
  138  9:36  Concussive Shells  
  148  9:39  Marine  
  148  9:44  Marine x2  
  147  9:51  Marine  
  148  9:56  Marine x4  
  148  9:57  Marine x2  
  148  9:58  Liberator  
  148  9:59  Siege Tank  
  131  10:02  Marine x2  
  131  10:06  Barracks  
  133  10:07  Barracks  
  133  10:08  Siege Tank, Barracks  
  133  10:09  Marine  
  133  10:14  Marine  
  138  10:20  Missile Turret  
  141  10:21  Sensor Tower  
  141  10:24  Missile Turret  
  141  10:26  Marine x2  
  143  10:28  SCV  
  143  10:29  SCV  
  143  10:33  SCV, Marine  
  147  10:38  Siege Tank  
  141  10:51  Marine  
  141  10:55  Command Center  
  138  11:05  Barracks Tech Lab x2  
  138  11:06  Barracks Tech Lab  
  138  11:07  Marine  
  138  11:11  Marine x2  
  139  11:13  Marine x3  
  144  11:19  Marine x2  
  144  11:21  Liberator x2, Marine  
  144  11:25  Marine x2  
  142  11:28  Marine  
  142  11:31  Marine x2  
  142  11:32  Marine  
  129  11:33  Marine  
  129  11:34  Marine  
  129  11:36  Marine  
  129  11:37  Marine x2  
  129  11:39  Marine  
  123  11:43  Marine x2  
  123  11:46  SCV x3, Marine  
  125  11:48  Siege Tank  
  128  11:54  Marine  
  128  11:59  SCV  
  128  12:00  Marine  
  132  12:05  Liberator  
  132  12:06  Siege Tank  
  132  12:07  Marine  
  137  12:09  Liberator, Planetary Fortress  
  137  12:13  Missile Turret  
  137  12:15  Marine x3  
  137  12:20  Siege Tank  
  141  12:27  Marine  
  141  12:28  Marine  
  145  12:33  Marine  
  145  12:34  Marine, Marauder  
  145  12:36  Marine  
  148  12:37  Marine x2  
  148  12:40  Marine  
  148  12:44  Marine x2, Marauder  
  151  12:45  Marine  
  156  12:54  Missile Turret  
  156  12:59  Marine, Marauder  
Tags
 
Add a new tag
Caveats
  • Supply blocks, unpowered buildings, or Contaminate may cause inaccurate times.
  • Supply counts are checked every 10 seconds.